 Dungeon Crawl Stone Soup version 0.31-a0-795-g5eb97db20b (webtiles) character file.

Game seed: 17538805030833000523

466 lunkers the Vexing (level 7, -2/52 HPs)
             Began as a Gnoll Hexslinger on Sept 18, 2023.
             Slain by a killer bee (3 damage)
             ... on level 4 of the Dungeon.
             The game lasted 00:04:49 (2678 turns).

lunkers the Vexing (Gnoll Hexslinger)               Turns: 2678, Time: 00:04:50

Health: -2/52      AC:  6    Str:  8    XL:     7   Next: 8%
Magic:  10/12      EV: 15    Int: 14    God:
Gold:   147        SH:  0    Dex: 20    Spells: 11/13 levels left

rFire   . . .        a - +1 sling
rCold   . . .        (no shield)
rNeg    . . .        c - +0 robe
rPois   .            (no helmet)
rElec   .            (no cloak)
rCorr   .            (no gloves)
SInv    .            (no boots)
Will    .....        i - amulet of the acrobat
Stlth   ++           f - +6 ring of dexterity
HPRegen 0.28/turn    g - +4 ring of protection
MPRegen 0.13/turn

%: acrobat
@: lethally poisoned (-2 -> -8), weak-willed
A: fangs 1, strong nose, distributed training
a: no special abilities


You were on level 4 of the Dungeon.
You visited 1 branch of the dungeon, and saw 4 of its levels.

You collected 147 gold pieces.

Inventory:

Hand Weapons
 a - a +1 sling (weapon)
 m - a +1 short sword of freezing
Armour
 c - a +0 robe (worn)
Jewellery
 f - a +6 ring of dexterity (left hand)
 g - a +4 ring of protection (right hand)
 i - an amulet of the acrobat (around neck)
Wands
 t - a wand of polymorph (14)
Scrolls
 b - a scroll of poison
 d - 3 scrolls of identify {unknown}
 e - 2 scrolls of blinking {unknown}
 h - a scroll of teleportation {unknown}
 j - 2 scrolls of fog {unknown}
 k - 2 scrolls of enchant weapon {unknown}
 l - a scroll of amnesia {unknown}
 n - a scroll of noise {unknown}
 s - 2 scrolls of fear {unknown}
Potions
 o - 2 potions of degeneration {unknown}
 p - a potion of attraction {unknown}
 q - a potion of ambrosia {unknown}
 r - a potion of heal wounds
 u - 3 potions of curing {unknown}


   Skills:
 + Level 3.5 Fighting
 + Level 2.3 Short Blades
 + Level 2.3 Long Blades
 + Level 2.3 Axes
 + Level 2.3 Maces & Flails
 + Level 2.3 Polearms
 + Level 2.3 Staves
 + Level 5.1 Ranged Weapons
 + Level 2.3 Throwing
 + Level 2.3 Armour
 + Level 5.1 Dodging
 + Level 2.3 Stealth
 + Level 2.3 Shields
 + Level 2.3 Unarmed Combat
 + Level 3.6 Spellcasting
 + Level 1.8 Conjurations
 + Level 5.8 Hexes
 + Level 1.8 Summonings
 + Level 1.8 Necromancy
 + Level 1.8 Translocations
 + Level 1.8 Transmutations
 + Level 2.8 Fire Magic
 + Level 1.8 Ice Magic
 + Level 1.8 Air Magic
 + Level 1.8 Earth Magic
 + Level 1.8 Poison Magic
 + Level 2.5 Invocations
 + Level 2.3 Evocations
 + Level 2.1 Shapeshifting


You had 11 spell levels left.
You knew the following spells:

 Your Spells              Type           Power      Damage    Failure   Level
b - Jinxbite              Hex            36%        N/A       2%          2

Your spell library contained the following spells:

 Spells                   Type           Power      Damage    Failure   Level
 Sigil of Binding         Hex            18%        N/A       5%          3
 Inner Flame              Hex/Fire       14%        N/A       10%         3
 Cigotuvi's Dreadful Rot  Necr/Pois/Air  14%        N/A       14%         2
 Cause Fear               Hex            9%         N/A       19%         4
 Ignite Poison            Fire/Tmut/Pois 8%         N/A       24%         3
 Dimensional Bullseye     Hex/Tloc       6%         N/A       38%         4
 Manifold Assault         Tloc           7%         N/A       67%         4
 Freezing Cloud           Conj/Ice/Air   3%         6-21      95%         5
 Dispersal                Tloc           3%         N/A       100%        6
 Disjunction              Tloc           3%         N/A       100%        8


Dungeon Overview and Level Annotations

Branches:
Dungeon (4/15)
 Temple: D:4-7

Altars:
Fedhas
Gozag

Shops:
D:2 (   D:3 [


Innate Abilities, Weirdness & Mutations

You have very sharp teeth.
Your uncanny sense of smell can sniff out nearby items.
Your experience applies equally to all skills.


Message History

The killer bee stings you but does no damage.
The killer bee misses you. The killer bee stings you.
* * * LOW HITPOINT WARNING * * *
The killer bee stings you.
* * * LOW HITPOINT WARNING * * *
Unknown command.
Fire: a) +1 sling
Press: ? - help, Q - select action, (/) - cycle Shift-Dir - straight line, f/p - killer bee
Aim: a killer bee (almost dead, heavily drained, 38% to hit)
You shoot a sling bullet. The sling bullet hits the killer bee.
You kill the killer bee!
* * * LOW HITPOINT WARNING * * *
You feel very sick. The killer bee closely misses you.
The killer bee barely misses you. The killer bee misses you.
The killer bee barely misses you.
You have reached level 7!
Fire: a) +1 sling
Press: ? - help, Q - select action, (/) - cycle Shift-Dir - straight line, f - killer bee
Aim: a killer bee (38% to hit)
You shoot a sling bullet. The sling bullet hits the killer bee.
The killer bee is moderately wounded.
* * * LOW HITPOINT WARNING * * *
You feel very sick.
The killer bee barely misses you. x2; The killer bee closely misses you.
The killer bee stings you.
* * * LOW HITPOINT WARNING * * *
The killer bee completely misses you. The killer bee closely misses you.
The killer bee misses you.
Unknown command.
Fire: a) +1 sling
Press: ? - help, Q - select action, (/) - cycle Shift-Dir - straight line, f/p - killer bee
Aim: a killer bee (moderately wounded, 38% to hit)
You shoot a sling bullet.
The sling bullet barely misses the killer bee.
* * * LOW HITPOINT WARNING * * *
You feel sick. The killer bee misses you. The killer bee stings you.
* * * LOW HITPOINT WARNING * * *
The killer bee completely misses you. The killer bee misses you.
The killer bee barely misses you. The killer bee stings you.
You die...

#### ###... #
....# .# .
#..#####.###
#...#..#........
#..[....y#y#.#
........##@y..#
∆
.#...#..#.....#
........##>...#
..............#
....#######.###
.... #.# # ..
##'## #. ##...##
#.#### #
##.....## ....#


You could see 3 killer bees.

Vanquished Creatures
  A phantom (D:3)
  A scorpion (D:4)
  A killer bee (D:4)
  A howler monkey (D:3)
  Ijyb (D:3)
  Terence (D:3)
  3 iguanas
  Robin (D:2)
  3 adders
  2 worms
  3 dart slugs
  5 orcs (D:3)
  7 ball pythons
  6 bats
  9 endoplasms
  14 goblins
  3 hobgoblins (D:2)
  7 jackals (D:1)
  4 quokkas
  A frilled lizard (D:1)
  6 kobolds
  A rat (D:1)
81 creatures vanquished.

Notes
Turn   | Place    | Note
-------+----------+-------------------------------------------
     0 | D:1      | lunkers the Gnoll Hexslinger began the quest for the Orb.
     0 | D:1      | Reached XP level 1. HP: 17/17 MP: 4/4
    30 | D:1      | Reached XP level 2. HP: 23/23 MP: 5/5
    55 | D:1      | Learned a level 2 spell: Jinxbite
   318 | D:1      | Noticed a great orb of eyes
   322 | D:1      | Found a faded altar of an unknown god.
   324 | D:1      | Noticed a golden eye
   324 | D:1      | Noticed a shining eye
   324 | D:1      | Noticed a shining eye
   385 | D:1      | Reached XP level 3. HP: 28/28 MP: 7/7
   691 | D:2      | Noticed Robin
   703 | D:1      | Reached skill level 1 in Invocations
   750 | D:2      | Reached skill level 1 in Short Blades
   750 | D:2      | Reached skill level 1 in Long Blades
   750 | D:2      | Reached skill level 1 in Axes
   750 | D:2      | Reached skill level 1 in Maces & Flails
   750 | D:2      | Reached skill level 1 in Polearms
   750 | D:2      | Reached skill level 1 in Staves
   750 | D:2      | Reached skill level 1 in Throwing
   750 | D:2      | Reached skill level 1 in Armour
   750 | D:2      | Reached skill level 1 in Stealth
   750 | D:2      | Reached skill level 1 in Shields
   750 | D:2      | Reached skill level 1 in Unarmed Combat
   750 | D:2      | Reached skill level 1 in Evocations
   750 | D:2      | Reached skill level 1 in Shapeshifting
   750 | D:2      | Reached XP level 4. HP: 14/34 MP: 6/8
   872 | D:2      | Found an opulent altar of Gozag.
   973 | D:2      | Killed Robin
   974 | D:2      | Reached skill level 1 in Conjurations
   974 | D:2      | Reached skill level 1 in Summonings
   974 | D:2      | Reached skill level 1 in Necromancy
   974 | D:2      | Reached skill level 1 in Translocations
   974 | D:2      | Reached skill level 1 in Transmutations
   974 | D:2      | Reached skill level 1 in Ice Magic
   974 | D:2      | Reached skill level 1 in Air Magic
   974 | D:2      | Reached skill level 1 in Earth Magic
   974 | D:2      | Reached skill level 1 in Poison Magic
  1165 | D:2      | Found Mugetene's Antique Weapon Shop.
  1464 | D:3      | Reached XP level 5. HP: 40/40 MP: 6/9
  1498 | D:3      | Noticed a phantom
  1520 | D:3      | Killed a phantom
  1521 | D:3      | Reached XP level 6. HP: 44/47 MP: 8/11
  1582 | D:3      | Found a transporter.
  1594 | D:3      | Noticed Terence
  1601 | D:3      | Killed Terence
  1602 | D:3      | Reached skill level 5 in Ranged Weapons
  1602 | D:3      | Reached skill level 5 in Dodging
  1619 | D:3      | Found Pyunaot's Armour Emporium.
  1639 | D:3      | Found a transporter.
  1954 | D:3      | Noticed Ijyb
  1992 | D:3      | Killed Ijyb
  2467 | D:4      | Found a blossoming altar of Fedhas.
  2677 | D:4      | Reached XP level 7. HP: 10/52 MP: 10/12
  2678 | D:4      | HP: 2/52 [poisoned by a killer bee]
  2678 | D:4      | Slain by a killer bee

Illustrated notes

Levels and vault maps discovered:
D:1:      nzn_arrival_crosshair, layout_basic,
          hellmonk_ecumenical_altar_watching_god
D:2:      layout_basic, serial_shops, shop, basic_altar,
          kennysheep_generic_room_3, uniq_robin
D:3:      layout_rooms, serial_shops, nicolae_shop_drivethru, uniq_terence,
          uniq_ijyb
D:4:      layout_loops_corners, nemelex_diamond_rough_becter,
          mainiacjoe_overflow_six_doors_small, mainiacjoe_overflow_alcove_4

Skill      XL: |  1  2  3  4  5  6 |
---------------+-------------------+-----
Fire Magic     | 2 |  2.8
Invocations    | 1 2 |  2.5
Short Blades   | 1 2 |  2.3
Long Blades    | 1 2 |  2.3
Axes           | 1 2 |  2.3
Maces & Flails | 1 2 |  2.3
Polearms       | 1 2 |  2.3
Staves         | 1 2 |  2.3
Throwing       | 1 2 |  2.3
Armour         | 1 2 |  2.3
Stealth        | 1 2 |  2.3
Shields        | 1 2 |  2.3
Unarmed Combat | 1 2 |  2.3
Evocations     | 1 2 |  2.3
Shapeshifting  | 1 2 |  2.1
Spellcasting   | 3 |  3.6
Conjurations   | 1 |  1.8
Summonings     | 1 |  1.8
Necromancy     | 1 |  1.8
Translocations | 1 |  1.8
Transmutations | 1 |  1.8
Ice Magic      | 1 |  1.8
Air Magic      | 1 |  1.8
Earth Magic    | 1 |  1.8
Poison Magic   | 1 |  1.8
Fighting       | 3 |  3.5
Ranged Weapons | 5 |  5.1
Dodging        | 5 |  5.1
Hexes          | |  5.8

Action                     |  1- 3 |  4- 6 |  7- 9 || total
---------------------------+-------+-------+-------++-------
  Melee: Unarmed           |       |    10 |       ||    10
   Fire: Sling             |    65 |   211 |     2 ||   278
   Cast: Jinxbite          |     4 |    17 |       ||    21
    Use: Potion            |     1 |       |       ||     1
 Armour: Robe              |    25 |    49 |     3 ||    77
         Skin              |       |     6 |       ||     6
  Dodge: Dodged            |    36 |   132 |    10 ||   178

Table legend: (Time is in decaauts)
 A = Elapsed time spent in this place.
 B = Non-inter-level travel time spent in this place.
 C = Inter-level travel time spent in this place.
 D = Time resting spent in this place.
 E = Time spent auto-exploring this place.
 F = Levels seen in this place.
 G = Mean time per level.
                   A        B        C        D        E       F      G
               +--------+--------+--------+--------+--------+-----+--------+
         Total |   2714 |   2646 |     68 |    100 |   1943 |   4 |  678.5 |
       Dungeon |   2714 |   2646 |     68 |    100 |   1943 |   4 |  678.5 |
               +--------+--------+--------+--------+--------+-----+--------+

Top non-repeatable levels by time:
     D:1: 742 daAuts
     D:2: 738 daAuts
     D:3: 709 daAuts
     D:4: 524 daAuts
